 Dungeon Crawl Stone Soup version 0.28-a0-1493-g08698888e4 (webtiles) character file.

Game seed: 10863869050071872050

2483 lunkers the Covert (level 9, -2/71 HPs)
             Began as a Vampire Delver on Jan 12, 2022.
             Was an Initiate of Ashenzari.
             Slain by a meliai zombie (3 damage)
             ... on level 11 of the Dungeon.
             The game lasted 00:15:39 (6712 turns).

lunkers the Covert (Vampire Delver)                 Turns: 6712, Time: 00:15:40

Health: -2/71      AC:  6    Str: 11    XL:     9   Next: 27%
Magic:  9/9        EV: 14    Int: 20    God:    Ashenzari [......]
Gold:   348        SH:  3    Dex: 16    Spells: 8/8 levels left

rFire   . . .      SeeInvis +   e - +9 hand axe of Ymouseg {vorpal, Int+4}
rCold   . . .      Faith    .   C - +0 buckler
rNeg    . . .      Spirit   .   b - +1 leather armour
rPois   .          Reflect  .   v - +1 helmet
rElec   .          Harm     .   (no cloak)
rCorr   .          Rampage  .   (no gloves)
Will    .....                   (no boots)
Stlth   ++++++....              (no amulet)
HPRegen 0.41/turn               (no ring)
MPRegen 0.11/turn               (no ring)

@: mighty, healing quickly
A: alive, fangs 3, see invisible, vampiric 2
a: Exsanguinate, Renounce Religion


You were on level 11 of the Dungeon.
You worshipped Ashenzari.
Ashenzari was noncommittal.
You visited 2 branches of the dungeon, and saw 10 of its levels.

You collected 348 gold pieces.

Inventory:

Hand Weapons
 a - a +0 vorpal short sword
 e - the +9 hand axe of Ymouseg (weapon) {vorpal, Int+4}
   (You found it on level 5 of the Dungeon)

   It inflicts extra damage upon your enemies.
   Int:       It affects your intelligence (+4).
 j - a +2 short sword of speed
 w - the +8 war axe "Starlight" {pain, Str+4}
   (You found it on level 4 of the Dungeon)

   In the hands of one skilled in necromantic magic, it inflicts extra damage on
   living creatures.
   Str:       It affects your strength (+4).
Missiles
 x - 15 poisoned darts (quivered)
Armour
 b - a +1 leather armour (worn)
 v - a +1 helmet (worn)
 C - a +0 buckler (worn)
Magical Staves
 u - a staff of poison
Wands
 g - a wand of digging (2)
 y - a wand of acid (3)
Scrolls
 c - 3 scrolls of fog
 d - 2 scrolls of magic mapping
 m - 2 scrolls of enchant armour
 n - 5 scrolls of blinking
 o - a scroll of enchant weapon
Potions
 f - a potion of haste
 h - a potion of invisibility
 i - 3 potions of brilliance
 k - a potion of ambrosia
 l - 6 potions of curing
 p - 2 potions of might
 q - a potion of berserk rage {unknown}
 r - 4 potions of cancellation
 s - 2 potions of mutation
 t - a potion of heal wounds {unknown}
 z - a potion of resistance {unknown}


   Skills:
 + Level 6.4 Fighting
 - Level 3.1 Short Blades
 + Level 7.3 Dodging
 + Level 14.6 Stealth


You had 8 spell levels left.
You didn't know any spells.
Your spell library contained the following spells:

 Spells                   Type           Power      Damage    Failure   Level
 Foxfire                  Conj/Fire      0%         2x1d4     34%         1
 Conjure Flame            Conj/Fire      0%         6-21      71%         3
 Inner Flame              Hex/Fire       0%         N/A       71%         3
 Cause Fear               Hex            0%         N/A       98%         4
 Flame Wave               Conj/Fire      0%         2d4       98%         4
 Discord                  Hex            0%         N/A       100%        8


Dungeon Overview and Level Annotations

Branches:
Dungeon (8/15)             Temple (1/1) D:7
   Lair: D:8-11

Altars:
Ashenzari
Cheibriados
Dithmenos
Elyvilon
Fedhas
Gozag
Hepliaklqana
Kikubaaqudgha
Makhleb
Nemelex Xobeh
Okawaru
Qazlal
Ru
Sif Muna
Trog
Uskayaw
Vehumet
Wu Jian
Xom
Yredelemnul
Zin
The Shining One

Shops:
D:2 *


Innate Abilities, Weirdness & Mutations

Your natural rate of healing is accelerated.
You have razor-sharp teeth.
You have supernaturally acute eyesight. (SInv)
You are afflicted with vampirism and can become a bat while bloodless.


Message History

The yak is lightly wounded.
The yak misses you.
Unknown command.
Okay, then.
You feel very mighty all of a sudden. The yak barely misses you.
You slash the yak!
The yak is severely wounded.
The yak gores you.
* * * LOW HITPOINT WARNING * * *
The yak barely misses you.
You hit the yak.
The yak is almost dead.
You block the yak's attack.
Unknown command.
You slash the yak!
You kill the yak!
You slash the orc!
You kill the orc!
The meliai zombie hits you.
* * * LOW HITPOINT WARNING * * *
The meliai zombie misses you.
You slash the meliai zombie!
The meliai zombie is moderately damaged.
The meliai zombie hits you!
* * * LOW HITPOINT WARNING * * *
The meliai zombie hits you.
* * * LOW HITPOINT WARNING * * *
The meliai zombie closely misses you. The meliai zombie hits you.
* * * LOW HITPOINT WARNING * * *
You barely miss the meliai zombie. You bite the meliai zombie!
The meliai zombie is heavily damaged.
The meliai zombie hits you.
* * * LOW HITPOINT WARNING * * *
The meliai zombie hits you.
* * * LOW HITPOINT WARNING * * *
The meliai zombie hits you.
* * * LOW HITPOINT WARNING * * *
You block the meliai zombie's attack. The meliai zombie hits you.
You die...

... #.# #
.. #.#
..+.# .#.#
o.# #Y# #.#
####.#
#@Z†.#
####.......
#.......
#.......
#.......
#.......
#.......
.......


You could see a meliai zombie.

Vanquished Creatures
  Prince Ribbit (D:6)
  A shadow (D:7)
  3 yaks (D:11)
  A wyvern (D:8)
  2 ice beasts (D:6)
  A phantom (D:7)
  A bullfrog (D:6)
  A scorpion (D:7)
  A wyvern zombie (D:7)
  2 water moccasin skeletons (D:6)
  4 killer bees (D:5)
  2 howler monkeys (D:5)
  5 wights
  A centaur zombie (D:7)
  3 hounds
  A gnoll shaman (D:7)
  2 jellies
  2 centaur skeletons
  2 orc wizards (D:6)
  Terence (D:2)
  A hound skeleton (D:5)
  7 adders
  3 gnolls (D:7)
  A white imp (D:5)
  2 worms
  A dart slug (D:2)
  14 orcs
  12 ball pythons
  5 bats
  7 endoplasms
  A giant cockroach (D:3)
  6 goblins
  6 hobgoblins
  4 quokkas
  3 frilled lizards
  11 kobolds
  4 rats
125 creatures vanquished.

Notes
Turn   | Place    | Note
-------+----------+-------------------------------------------
     0 | D:5      | lunkers the Vampire Delver began the quest for the Orb.
     0 | D:5      | Reached XP level 1. HP: 17/17 MP: 1/1
   135 | D:5      | Noticed a howler monkey
   139 | D:5      | Killed a howler monkey
   140 | D:5      | Reached skill level 8 in Stealth
   140 | D:5      | Reached XP level 2. HP: 23/23 MP: 2/2
   140 | D:5      | Gained mutation: You are afflicted with vampirism and can
                  | become a bat while bloodless. [Vampire growth]
   140 | D:5      | Reached XP level 3. HP: 28/28 MP: 3/3
   171 | D:5      | Reached skill level 9 in Stealth
   194 | D:5      | Reached XP level 4. HP: 15/34 MP: 4/4
   453 | D:5      | Noticed an ogre
   593 | D:5      | Reached skill level 10 in Stealth
   706 | D:5      | Reached XP level 5. HP: 10/39 MP: 5/5
   804 | D:5      | Identified the +9 hand axe of Ymouseg {vorpal, Int+4}
  1183 | D:2      | Found Lixiduus's Assorted Antiques.
  1504 | D:1      | Found a faded altar of an unknown god.
  2025 | D:2      | Noticed Terence
  2032 | D:2      | Killed Terence
  2033 | D:2      | Reached skill level 11 in Stealth
  2700 | D:4      | Reached XP level 6. HP: 46/46 MP: 6/6
  3037 | D:4      | Identified the +8 war axe "Starlight" {pain, Str+4}
  3422 | D:5      | Reached XP level 7. HP: 32/52 MP: 7/7
  3915 | D:6      | Reached skill level 12 in Stealth
  4493 | D:6      | Reached skill level 5 in Dodging
  4493 | D:6      | Reached XP level 8. HP: 51/61 MP: 8/8
  4529 | D:6      | Noticed Prince Ribbit
  4538 | D:6      | Killed Prince Ribbit
  4539 | D:6      | Reached skill level 13 in Stealth
  4926 | D:7      | Reached skill level 5 in Fighting
  5244 | D:7      | Found a shimmering blue altar of Sif Muna.
  5827 | D:7      | Reached skill level 14 in Stealth
  5951 | D:7      | Found a staircase to the Ecumenical Temple.
  6160 | Temple   | Entered the Ecumenical Temple
  6408 | Temple   | Became a worshipper of Ashenzari the Shackled
  6515 | D:8      | Reached XP level 9. HP: 53/69 MP: 9/9
  6674 | D:8      | You fall into a shaft and drop 3 floors!
  6712 | D:11     | HP: 1/71 [meliai zombie (4)]
  6712 | D:11     | Slain by a meliai zombie

Illustrated notes

Levels and vault maps discovered:
D:1:      minmay_arrival_stone_box, layout_loops_ring,
          nicolae_ecumenical_snake_handling
D:2:      layout_rooms, serial_shops, shop, grunt_ministairs_5, uniq_terence
D:3:      layout_loops_ring
D:4:      layout_cave_pools
D:5:      layout_cave_pods
D:6:      layout_loops_ring, uniq_prince_ribbit1
D:7:      layout_basic, mainiacjoe_overflow_alcove_1, lemuel_temple_firewalk_b,
          serial_rivers, chequers_serial_rivers_micro_a,
          chequers_serial_rivers_micro_d, chequers_serial_rivers_room_b,
          chequers_serial_rivers_micro_d
D:8:      minmay_chambers_of_fours, layout_loops_cross
D:11:     layout_irregular_city, david_lair_shrubbed, uniq_fannar, uniq_urug
Temple:   minmay_crystal_snake_temple

Skill      XL: |  1  2  3  4  5  6  7  8  9 |
---------------+----------------------------+-----
Stealth        | 8 9 10 11 12 14 | 14.6
Short Blades   | 3 |  3.1
Fighting       | 3 4 6 |  6.4
Dodging        | 3 5 6 7 |  7.3

Action                   |  1- 3 |  4- 6 |  7- 9 || total
-------------------------+-------+-------+-------++-------
Melee: Short sword       |    16 |    39 |       ||    55
       Bite              |     3 |    15 |    16 ||    34
       Hand axe          |       |   129 |   147 ||   276
       Punch             |       |     1 |     3 ||     4
Throw: Dart              |       |     4 |    18 ||    22
Evoke: Wand              |       |     1 |       ||     1
  Use: Scroll            |       |     1 |    14 ||    15
       Potion            |       |     1 |     1 ||     2
 Stab: Sleeping          |     2 |    33 |     7 ||    42
       Distracted        |       |     3 |       ||     3
Armor: Leather armour    |     9 |    32 |    27 ||    68
Dodge: Dodged            |    10 |    95 |   103 ||   208
Block: Buckler           |       |       |     6 ||     6

Table legend: (Time is in decaauts)
 A = Elapsed time spent in this place.
 B = Non-inter-level travel time spent in this place.
 C = Inter-level travel time spent in this place.
 D = Time resting spent in this place.
 E = Time spent auto-exploring this place.
 F = Levels seen in this place.
 G = Mean time per level.
                   A        B        C        D        E       F      G
               +--------+--------+--------+--------+--------+-----+--------+
         Total |   6799 |   6473 |    326 |    183 |   4759 |  10 |  679.9 |
       Dungeon |   6529 |   6261 |    268 |    183 |   4604 |   9 |  725.4 |
        Temple |    269 |    211 |     58 |      0 |    155 |   1 |  269.0 |
               +--------+--------+--------+--------+--------+-----+--------+

Top non-repeatable levels by time:
     D:5: 1407 daAuts
     D:7: 1298 daAuts
     D:6: 1135 daAuts
     D:3: 692 daAuts
     D:4: 641 daAuts
     D:1: 579 daAuts
     D:2: 547 daAuts
  Temple: 269 daAuts
     D:8: 183 daAuts
    D:11: 44 daAuts
